 Dungeon Crawl Stone Soup version 0.18-a0-1147-g8e8348b (webtiles) character file.

898 Reinor the Grappler (level 7, -1/66 HPs)
             Began as a Troll Monk on Jan 22, 2016.
             Killed from afar by an orc wizard (7 damage)
             ... with a magic dart
             ... on level 5 of the Dungeon.
             The game lasted 00:10:04 (3067 turns).

Reinor the Grappler (Troll Monk)                    Turns: 3067, Time: 00:10:04

Health: -1/66      AC:  7    Str: 20    XL:     7   Next: 79%
Magic:  6/6        EV: 12    Int:  6    God:
Gold:   176        SH:  0    Dex: 14    Spells: 1 memorised, 5 levels left

rFire  . . .     SeeInvis .       - Unarmed
rCold  . . .     Gourm    +     a - +1 robe
rNeg   + . .     Faith    .     (no shield)
rPois  .         Spirit   .     (helmet restricted)
rElec  .         Dismiss  .     e - +0 cloak
rCorr  .         Reflect  .     (gloves unavailable)
SustAt .         Harm     .     (boots unavailable)
MR     .....                    i - amulet of magic regeneration
Stlth  ++........               (no ring)
                                t - ring of positive energy

@: not resistant to hostile enchantments, unstealthy
A: unfitting armour, claws 3, fast metabolism 3, gourmand, regeneration 2,
shaggy fur 1, tough skin 2
a: no special abilities


You were on level 5 of the Dungeon.
You were not hungry.

You visited 1 branch of the dungeon, and saw 5 of its levels.

You collected 176 gold pieces.

Inventory:

Hand Weapons
 h - a +1 dagger of flaming
 n - a +2 rapier of speed
Armour
 a - a +1 robe (worn)
 e - a +0 cloak (worn)
Jewellery
 i - an amulet of magic regeneration (around neck)
 t - a ring of positive energy (left claw)
Wands
 f - a wand of hasting (6/9)
 s - a wand of disintegration (15/24)
Scrolls
 m - a scroll of enchant weapon
Potions
 c - a potion of agility
 d - a potion of brilliance
 g - a potion of flight {unknown}
 k - 2 potions of mutation {unknown}
 l - a potion of curing {unknown}
 p - a potion of heal wounds {unknown}
 r - a potion of cancellation {unknown}
Books
 o - a book of Party Tricks

   Spells                             Type                      Level
   a - Summon Butterflies             Summoning                    1
   b - Apportation                    Translocation                1
   c - Tukima's Dance                 Hexes                        3
   d - Alistair's Intoxication        Transmutation/Poison         5
   e - Invisibility                   Hexes                        6
Comestibles
 b - 5 bread rations
 j - a royal jelly
 q - a meat ration


   Skills:
 - Level 2.4 Fighting
 + Level 5.0 Dodging
 - Level 1.1 Stealth
 - Level 8.2 Unarmed Combat


You had 5 spell levels left.
You knew the following spells:

 Your Spells              Type           Power        Failure   Level  Hunger
a - Apportation           Tloc           #.........   52%         1    ##.....


Dungeon Overview and Level Annotations

Branches:
Dungeon (5/15)
 Temple: D:4-7

Altars:
Cheibriados
Dithmenos
Elyvilon
Makhleb
Trog
The Shining One


Innate Abilities, Weirdness & Mutations

You are too large for most types of armour.
You have claws for hands.
Your metabolism is lightning-fast.
You like to eat raw meat.
You heal very quickly.
You are covered in fur (AC +1).
You have very tough skin (AC +2).


Message History

* * * LOW HITPOINT WARNING * * *
You hear some strange, mumbled words.
A magic dart appears from out of thin air!
The magic dart hits you!
* * * LOW HITPOINT WARNING * * *
The orc hits you with a trident.
* * * LOW HITPOINT WARNING * * *
You hear some strange, mumbled words.
Items here: ) [[ † a hand axe; a ring mail; a leather armour; an orc corpse You mangle the orc!!
You kill the orc!
Something hits you.
* * * LOW HITPOINT WARNING * * *
You miss something. Something hits you but does no damage.
You miss something.
You hear some strange, mumbled words.
A magic dart appears from out of thin air!
The magic dart hits you!
You die...

..... .. ..... .).
#..!######...
#####+#+####...........#
..........##............
..........##.........(.#
..........##...[{).....#
..........# #...@......#
..........# ##'###+#....
..........####.# #
.............#.#
..........##.#.#
#.....######.#.#
......######.#.#
......#........#
......#..............


There were no monsters in sight!

Vanquished Creatures
  A hungry ghost (D:5)
  The ghost of kinazarov the Shield-Bearer, an amateur FoFi (D:3)
  An ice beast (D:4)
  A phantom (D:4)
  2 hounds
  An orc wizard (D:4)
  2 orc priests
  3 worker ants (D:4)
  An iguana (D:4)
  3 gnolls (D:3)
  6 adders
  A shadow imp (D:5)
  An ooze (D:3)
  8 worms
  4 giant geckos
  15 orcs
  6 bats
  A giant cockroach (D:2)
  9 goblins
  7 hobgoblins
  10 jackals
  5 kobolds
  A giant gecko skeleton (D:4)
  3 giant newts
  8 rats
101 creatures vanquished.

Vanquished Creatures (others)
  A bat (D:2)
1 creature vanquished.

Grand Total: 102 creatures vanquished

Notes
Turn   | Place    | Note
--------------------------------------------------------------
     0 | D:1      | Reinor the Troll Monk began the quest for the Orb.
     0 | D:1      | Reached XP level 1. HP: 22/22 MP: 0/0
   152 | D:1      | Reached XP level 2. HP: 29/29 MP: 1/1
   765 | D:2      | Reached skill level 5 in Unarmed Combat
   765 | D:2      | Reached XP level 3. HP: 36/36 MP: 2/2
   857 | D:2      | Found a burning altar of Makhleb.
   869 | D:2      | Reached XP level 4. HP: 25/44 MP: 3/3
   954 | D:2      | Found a white marble altar of Elyvilon.
  1036 | D:2      | Noticed a moth of wrath
  1038 | D:2      | Found a bloodstained altar of Trog.
  1206 | D:2      | Reached skill level 6 in Unarmed Combat
  1409 | D:3      | Noticed kinazarov's ghost (amateur FoFi)
  1430 | D:3      | Killed kinazarov's ghost
  1430 | D:3      | Reached skill level 7 in Unarmed Combat
  1430 | D:3      | Reached XP level 5. HP: 21/50 MP: 4/4
  1460 | D:3      | HP: 2/50 [poisoned by kinazarov's ghost]
  1465 | D:3      | HP: 2/50 [poisoned by kinazarov's ghost]
  1697 | D:3      | Reached XP level 6. HP: 59/59 MP: 5/5
  1877 | D:3      | Found a shadowy altar of Dithmenos.
  2027 | D:3      | Learned a level 1 spell: Apportation
  2269 | D:4      | Reached skill level 8 in Unarmed Combat
  2358 | D:4      | Found a glowing golden altar of the Shining One.
  2376 | D:4      | Found a snail-covered altar of Cheibriados.
  2497 | D:4      | Reached XP level 7. HP: 58/66 MP: 6/6
  2915 | D:5      | Entered Level 5 of the Dungeon
  2979 | D:5      | Noticed a hungry ghost
  2989 | D:5      | Killed a hungry ghost
  3056 | D:5      | Reached skill level 5 in Dodging
  3067 | D:5      | Killed from afar by an orc wizard

Vault maps used:
D:1:      dpeg_arrival_radiant
D:2:      makhleb_heckhound_becter, elyvilon_altar_4, tgw_trog
D:3:      lemuel_doored_altar, first_bread, minmay_misc_feat_x
D:4:      lemuel_crystal_altar, lemuel_crystal_altar
D:5:      nicolae_overflow_crystal_walls, ashenzari_altar_1

Action                   |  1- 3 |  4- 6 |  7- 9 || total
-------------------------+-------+-------+-------++-------
Melee: Unarmed           |    56 |   158 |    69 ||   283
  Use: Scroll            |     5 |     3 |       ||     8
       Potion            |       |     2 |       ||     2
 Stab: Sleeping          |     2 |     3 |     1 ||     6
  Eat: Chunk             |    13 |    15 |     9 ||    37
